 Dungeon Crawl Stone Soup version 0.31.0-11-ge490571c62 (webtiles) character file.

Game seed: 10362602767035168804

220 Yore the Trooper (level 5, -1/34 HPs)
             Began as a Gargoyle Fighter on Feb 1, 2024.
             Was an Initiate of the Shining One.
             Slain by an iguana (4 damage)
             ... on level 3 of the Dungeon.
             The game lasted 00:04:23 (2921 turns).

Yore the Trooper (Gargoyle Fighter)                 Turns: 2921, Time: 00:04:23

Health: -1/34      AC: 14    Str: 18 (19) XL:     5   Next: 97%
Magic:  5/5        EV: 10    Int:  8 (9)  God:    the Shining One [......]
Gold:   208        SH:  4    Dex:  9 (11) Spells: 4/4 levels left

rFire   . . .        f - +3 short sword (elec)
rCold   . . .        c - +0 buckler
rNeg    + . .        t - +1 ring mail {Will+}
rPois   ∞            h - +0 helmet
rElec   +            j - +0 cloak
rCorr   .            (no gloves)
SInv    .            r - +0 pair of boots
Will    +....        (no amulet) Stlth
                     (no ring)
HPRegen 0.25/turn    (no ring)
MPRegen 0.09/turn

%: no passive effects
@: glowing
A: sickness immunity, AC +4, negative energy resistance 1, electricity
resistance, torment resistance 1, petrification resistance
a: Renounce Religion


You were on level 3 of the Dungeon.
You worshipped the Shining One.
The Shining One was noncommittal.
You visited 1 branch of the dungeon, and saw 4 of its levels.

You collected 208 gold pieces.

Inventory:

Hand Weapons
 a - a +0 flail
 f - a +3 short sword of electrocution (weapon)
 s - a +2 mace of protection
Missiles
 w - 6 boomerangs (quivered)
Armour
 c - a +0 buckler (worn)
 h - a +0 helmet (worn)
 j - a +0 cloak (worn)
 r - a +0 pair of boots (worn)
 t - a +1 ring mail of willpower (worn)
Jewellery
 o - a ring of fire
Wands
 b - a wand of mindburst (21)
Scrolls
 e - 2 scrolls of enchant weapon
 g - 2 scrolls of noise
 l - a scroll of immolation
 m - a scroll of poison
 n - a scroll of enchant armour {unknown}
 p - 2 scrolls of identify
 q - a scroll of fog {unknown}
 u - 2 scrolls of blinking {unknown}
 v - a scroll of vulnerability {unknown}
Potions
 d - 2 potions of might
 i - a potion of heal wounds {unknown}
 k - a potion of degeneration


   Skills:
 * Level 4.9 Fighting
 * Level 3.6 Maces & Flails
 + Level 4.1 Armour
 - Level 4.0 Shields
 * Level 0.9 Invocations


You had 4 spell levels left.
You didn't know any spells.
Your spell library was empty.

Dungeon Overview and Level Annotations

Branches:
Dungeon (4/15)
 Temple: D:4-7

Altars:
Hepliaklqana
Nemelex Xobeh
Wu Jian
Xom
The Shining One

Annotations:
D:4 Robin


Innate Abilities, Weirdness & Mutations

You are immune to sickness and miasma.
Your stone body is resilient. (AC +4)
You are immune to poison.
You resist negative energy. (rN+)
You are resistant to electric shocks. (rElec)
You are resistant to unholy torment.
You are immune to petrification.


Message History

You hit the gnoll.
The gnoll is lightly wounded.
You block the gnoll's attack.
You closely miss the gnoll.
The gnoll is lightly wounded.
The gnoll hits you but does no damage.
You hit the gnoll. Lightning courses through the gnoll!
You kill the gnoll!
You see here a +0 spear of pain.
A black bear comes into view.
You see here a +0 spear of pain.
You see here a +0 spear.
You see here a +0 spear.
You see here a +0 flail.
An iguana comes into view.
Found a stone staircase leading down.
The iguana hisses angrily.
The iguana bites you! The iguana attacks as it pursues you!
The iguana barely misses you. The iguana attacks as it pursues you!
The iguana closely misses you. The iguana attacks as it pursues you!
The iguana bites you.
There is a stone staircase leading up here.
The iguana barely misses you.
You climb upwards.
There is a stone staircase leading down here.
You hit the iguana.
The iguana is moderately wounded.
The iguana bites you.
You hit the iguana but do no damage.
The iguana is moderately wounded.
You block the iguana's attack.
You closely miss the iguana.
The iguana is moderately wounded.
The iguana bites you!
* * * LOW HITPOINT WARNING * * *
It was a potion of degeneration.
There was something very wrong with that liquid.
You feel weakened.
You feel dopey.
You feel clumsy. The iguana bites you.
You die...

..#.#.##### #.#.#.# #.#
..........####.#.#.# #.#
...<#.###.#......#.# #.# .##.#.#
#.#.##.#.#.# #.# ....#.#
#.#......#.# #.# #####.#
#.#..#.#.#.# #.### ....#.#
#.#....#.#.# #...#
..#.#.###.#.####.#.# ###.#
...............l@#.# #.#
..#..####.#..).#<#.# #.#
..#..#....#....#.#.# #.#
..#..#....#.#....#.# #.#
..#..###.........#.# #.# ..#..#
#.........#.###### #.##### ..#..#
#................###......
.....###.....#.#.............####
##....###......#........####.#


You could see an iguana.

Vanquished Creatures
  An orc priest (D:3)
  4 gnolls (D:4)
  5 adders
  4 dart slugs
  3 ribbon worms
  3 orcs (D:3)
  2 bats
  6 endoplasms
  4 giant cockroaches
  15 goblins
  9 hobgoblins
  2 jackals (D:2)
  9 kobolds
  2 quokkas (D:2)
  7 ball pythons
  5 frilled lizards
  3 rats
84 creatures vanquished.

Notes
Turn   | Place    | Note
-------+----------+-------------------------------------------
     0 | D:1      | Yore the Gargoyle Fighter began the quest for the Orb.
     0 | D:1      | Reached XP level 1. HP: 14/14 MP: 1/1
   101 | D:1      | Reached XP level 2. HP: 19/19 MP: 2/2
   505 | D:1      | Reached XP level 3. HP: 24/24 MP: 3/3
  1217 | D:2      | Reached XP level 4. HP: 29/29 MP: 4/4
  1708 | D:3      | Reached XP level 5. HP: 29/34 MP: 5/5
  2494 | D:3      | Found a glowing golden altar of the Shining One.
  2498 | D:3      | Became a worshipper of the Shining One
  2508 | D:3      | Found a shimmering altar of Xom.
  2614 | D:4      | Noticed Robin
  2781 | D:4      | Found a hazy altar of Hepliaklqana.
  2818 | D:4      | Found an ornate altar of the Wu Jian Council.
  2830 | D:4      | Found a sparkling altar of Nemelex Xobeh.
  2893 | D:4      | Noticed a black bear
  2921 | D:3      | Slain by an iguana

Illustrated notes

Levels and vault maps discovered:
D:1:      heliophobic_arrival_battle_scene, layout_basic
D:2:      layout_basic, serial_bayou_pond_e
D:3:      layout_basic, mainiacjoe_overflow_big_doors, minmay_pentangle
D:4:      layout_loops_ring, mainiacjoe_overflow_large_starburst,
          kennysheep_mini_moat, minmay_shop_grid_forest, grunt_decor_arrowhead,
          serial_bayou_ford_a, uniq_robin

Skill      XL: |  1  2  3  4  5 |
---------------+----------------+-----
Fighting       | 4 |  4.9
Maces & Flails | 3 |  3.6
Shields        | 4 |  4.0
Armour         | 4 |  4.1
Invocations    | |  0.9

Action                     |  1- 3 |  4- 6 || total
---------------------------+-------+-------++-------
  Melee: Flail             |    23 |       ||    23
         Short sword       |    73 |   130 ||   203
    Use: Scroll            |       |     6 ||     6
         Potion            |       |     1 ||     1
 Armour: Scale mail        |    59 |    48 ||   107
         Ring mail         |       |    46 ||    46
  Dodge: Dodged            |    30 |    59 ||    89
  Block: Buckler           |    14 |    44 ||    58
